 Dungeon Crawl Stone Soup version 0.17.1-3-g152610e (webtiles) character file.

350 Grim the Skirmisher (level 6, 0/67 HPs)
             Began as an Ogre Hunter on Feb 18, 2016.
             Slain by a water moccasin zombie (4 damage)
             ... in an ossuary.
             The game lasted 00:06:27 (2832 turns).

Grim the Skirmisher (Ogre Hunter)                   Turns: 2832, Time: 00:06:27

Health: 0/67       AC:  4    Str: 18    XL:     6   Next: 61%
Magic:  6/6        EV: 10    Int: 10    God:
Gold:   123        SH:  0    Dex: 12    Spells: 0 memorised, 5 levels left

rFire  . . .     SeeInvis .     p - +0 whip
rCold  . . .     Clarity  .     b - +0 robe
rNeg   . . .     SustAt   +     (no shield)
rPois  .         Gourm    .     (helmet restricted)
rElec  .         Spirit   .     g - +0 cloak
rCorr  .         Warding  .     (gloves unavailable)
rMut   .         Stasis   .     (boots unavailable)
MR     .....                    (no amulet)
Stlth  ++........               v - ring of stealth
                                f - ring of sustain attributes

@: not resistant to hostile enchantments, unstealthy
A: unfitting armour, tough skin 1
a: no special abilities


You were in an ossuary.
You were not hungry.

You visited 1 branch of the dungeon, and saw 5 of its levels.
You also visited: Ossuary.

You collected 123 gold pieces.

Inventory:

Hand Weapons
 p - a +0 whip (weapon)
Missiles
 d - a throwing net (quivered)
Armour
 b - a +0 robe (worn)
 g - a +0 cloak (worn)
Jewellery
 f - a ring of sustain attributes (left hand)
 v - a ring of stealth (right hand)
Scrolls
 h - a scroll of enchant weapon {unknown}
 n - a scroll of remove curse {unknown}
 r - a scroll of magic mapping {unknown}
 s - a scroll of fog {unknown}
 t - a scroll of teleportation {unknown}
Potions
 i - 2 potions of curing
 j - a potion of ambrosia {unknown}
 o - a potion of might
 u - a potion of agility {unknown}
Comestibles
 e - 2 bread rations
 k - a royal jelly
 l - 2 meat rations
 m - a fruit
 q - 2 beef jerkies


   Skills:
 * Level 6.3 Fighting
 * Level 4.8 Maces & Flails
 + Level 4.9 Throwing
 - Level 1.7 Dodging
 - Level 0.7 Stealth


You had 5 spell levels left.
You didn't know any spells.

Dungeon Overview and Level Annotations

Branches:
Dungeon (7/15)
 Temple: D:4-7

Altars:


Innate Abilities, Weirdness & Mutations

You are too large for most types of armour.
You have tough skin (AC +1).


Message History

You hit the water moccasin zombie.
The water moccasin zombie closely misses you.
You hit the water moccasin zombie.
The water moccasin zombie closely misses you.
You closely miss the water moccasin zombie.
The water moccasin zombie barely misses you.
You hit the water moccasin zombie.
The water moccasin zombie closely misses you.
You hit the water moccasin zombie. The water moccasin zombie bites you.
* * * LOW HITPOINT WARNING * * *
You completely miss the water moccasin zombie.
The water moccasin zombie bites you.
* * * LOW HITPOINT WARNING * * *
You hit the water moccasin zombie. The water moccasin zombie bites you.
* * * LOW HITPOINT WARNING * * *
You hit the water moccasin zombie.
The water moccasin zombie bites you but does no damage.
You barely miss the water moccasin zombie.
The water moccasin zombie bites you.
You die... #+### #...# #...# ...# ZZ#

###Z# #.^@#
### #####^^^#
#!?!!#...#...#
+?%?!#.∩.'...#
#!?!!#...#..∩#
### #########


You could see an adder zombie, a water moccasin zombie and a big kobold zombie.

Vanquished Creatures
  Sigmund (D:3)
  A water moccasin zombie (Ossuary)
  Ijyb (D:3)
  A worker ant (D:7)
  4 adders
  A worm (D:3)
  A giant gecko (D:3)
  2 bats
  A gnoll zombie (Ossuary)
  7 goblins
  2 hobgoblins (D:1)
  5 kobolds
  A ball python (D:1)
  6 giant cockroaches
  2 goblin zombies (D:7)
  2 kobold zombies (Ossuary)
  3 orc zombies (Ossuary)
  A quokka (D:3)
  13 rats
55 creatures vanquished.

Notes
Turn   | Place    | Note
--------------------------------------------------------------
     0 | D:1      | Grim the Ogre Hunter began the quest for the Orb.
     0 | D:1      | Reached XP level 1. HP: 22/22 MP: 1/1
   355 | D:1      | Reached XP level 2. HP: 31/31 MP: 2/2
   463 | D:1      | Reached skill level 1 in Maces & Flails
   863 | D:2      | Reached XP level 3. HP: 37/37 MP: 3/3
  1488 | D:3      | Noticed Ijyb
  1496 | D:3      | Killed Ijyb
  1496 | D:3      | Reached XP level 4. HP: 47/49 MP: 4/4
  1985 | D:3      | Noticed Sigmund
  2002 | D:3      | Killed Sigmund
  2002 | D:3      | Reached skill level 5 in Fighting
  2002 | D:3      | Reached XP level 5. HP: 47/59 MP: 5/5
  2002 | D:3      | Reached XP level 6. HP: 53/67 MP: 6/6
  2498 | D:4      | You fall through a shaft for 3 floors!
  2520 | D:7      | Reached skill level 6 in Fighting
  2705 | D:7      | Found a sand-covered staircase.
  2747 | Ossuary  | Entered an ossuary
  2830 | Ossuary  | HP: 3/67 [water moccasin zombie (2)]
  2832 | Ossuary  | Slain by a water moccasin zombie

Action                   |  1- 3 |  4- 6 || total
-------------------------+-------+-------++-------
Melee: Short sword       |    13 |       ||    13
       Club              |    40 |       ||    40
       Whip              |    11 |   163 ||   174
Throw: Large rock        |    28 |    12 ||    40
       Throwing net      |     2 |     4 ||     6
  Use: Scroll            |       |     2 ||     2
 Stab: Held in net/web   |     2 |     3 ||     5
       Sleeping          |       |     2 ||     2
  Eat: Chunk             |     1 |     5 ||     6
